 Dungeon Crawl Stone Soup version 0.31-a0-167-g1c394c0614 (webtiles) character file.

Game seed: 14895665950201708616

60 qw the Shooter (level 4, -3/39 HPs)
             Began as a Naga Hunter on June 14, 2023.
             Slain by a gnoll
             ... wielding a +0 club
              (6 damage)
             ... on level 2 of the Dungeon.
             The game lasted 00:00:19 (695 turns).

qw the Shooter (Naga Hunter)                         Turns: 695, Time: 00:00:20

Health: -3/39      AC:  2    Str: 14    XL:     4   Next: 4%
Magic:  4/4        EV:  9    Int:  9    God:
Gold:   95         SH:  0    Dex: 16    Spells: 3/3 levels left

rFire   . . .        Y - +0 shortbow
rCold   . . .        (shield currently unavailable)
rNeg    . . .        c - +0 leather armour
rPois   +            (no helmet)
rElec   .            (no cloak)
rCorr   .            (no gloves)
SInv    +            (no barding)
Will    .....        (no amulet)
Stlth   ++           (no ring)
HPRegen 0.26/turn    (no ring)
MPRegen 0.09/turn

%: no passive effects
@: short of breath, very slow
A: AC +1, large, see invisible, deformed body, poison resistance, slowness 2,
spit poison 1, naga tail 1
a: Spit Poison


You were on level 2 of the Dungeon.
You visited 1 branch of the dungeon, and saw 2 of its levels.

You collected 95 gold pieces.


Innate Abilities, Weirdness & Mutations

Your serpentine skin is tough. (AC +1)
You have supernaturally acute eyesight. (SInv)
Armour fits poorly on your strangely shaped body.
Your system is resistant to poisons. (rPois)
You cover ground very slowly.
You can spit poison.
You have a snake-like lower body.


   Skills:
 + Level 2.0 Fighting
 - Level 5.0 Ranged Weapons
 - Level 1.5 Dodging
 - Level 1.5 Stealth


You had 3 spell levels left.
You didn't know any spells.
Your spell library was empty.

Inventory:

Hand Weapons
 Y - a +0 shortbow (weapon)
Armour
 c - a +0 leather armour (worn)
Potions
 d - a potion of brilliance {unknown}
 g - a potion of cancellation {unknown}

Dungeon Overview and Level Annotations

Branches:
Dungeon (2/15)

Altars:

Annotations:
D:2 1 runed translucent door, Crazy Yiuf


Message History

The gnoll throws a throwing net.
The throwing net hits you.
You become entangled in the net!
You tear a large gash into the net.
The gnoll hits you from afar with a +0 spear.
You struggle against the net.
The gnoll completely misses you.
You rip the net and break free!
You have got your breath back.
The gnoll barely misses you.
689 ||| INVOKING Spit Poison.
Aiming: Spit Poison (2% risk of failure)
Press: ? - help, Shift-Dir - straight line, f - gnoll The splash of poison hits the gnoll.
The gnoll is poisoned.
The gnoll is moderately wounded.
The gnoll hits you from afar with a +0 spear.
You shoot an arrow. The arrow hits the gnoll.
The gnoll is heavily wounded.
The gnoll hits you from afar with a +0 spear!
You shoot an arrow. The arrow hits the gnoll.
You kill the gnoll!
Your Ranged Weapons skill increases to level 5!
You have reached level 4!
You feel stronger.
You shoot an arrow. The arrow hits the gnoll!
The gnoll is almost dead.
The gnoll hits you with a +0 flail!
You shoot an arrow.
The arrow hits the gnoll but does no damage.
The gnoll is almost dead.
You have got your breath back.
694 ||| INVOKING Spit Poison.
Aiming: Spit Poison (1% risk of failure)
Press: ? - help, Shift-Dir - straight line, f/p - gnoll The splash of poison hits the gnoll but does no damage.
The gnoll is poisoned.
The gnoll is almost dead.
The gnoll barely misses you. The gnoll hits you with a +0 club.
You shoot an arrow. The arrow barely misses the gnoll.
You kill the gnoll!
The gnoll hits you with a +0 club.
You die...

#.......^ ##.......
######## #.. #########..
########.......#.. .
#...........>..#.. g..
#..............#..
.....##@................
....?rg)..........#...##
#....##.......#.......##
#... ###.............##
#.. #............### ##
#............###
#............##.
#............##.
####......#####.


You could see a gnoll and a rat.

Vanquished Creatures
  3 gnolls
  A worm (D:2)
  A dart slug (D:1)
  3 ball pythons
  3 endoplasms
  A giant cockroach (D:2)
  3 goblins (D:2)
  2 hobgoblins (D:1)
  4 jackals (D:1)
  A quokka (D:2)
  4 bats
  2 frilled lizards
  2 kobolds
  6 rats
36 creatures vanquished.

Notes
Turn   | Place    | Note
-------+----------+-------------------------------------------
     0 | D:1      | qw the Naga Hunter began the quest for the Orb.
     0 | D:1      | Reached XP level 1. HP: 19/19 MP: 1/1
     0 | D:1      | 0 ||| qw: Version: 0.2-a-29-g1fa15c8
     0 | D:1      | 0 ||| qw: Game counter: 4886
     0 | D:1      | 0 ||| qw: Always use a shield: true
     0 | D:1      | 0 ||| qw: God list: Okawaru
     0 | D:1      | 0 ||| qw: Allow faded altars: false
     0 | D:1      | 0 ||| qw: Do Orc after D:15 true
     0 | D:1      | 0 ||| qw: Do second Lair branch before Depths: true
     0 | D:1      | 0 ||| qw: Lair rune preference: random
     0 | D:1      | 0 ||| qw: Plans: Normal
     0 | D:1      | 0 ||| PLANNING D:1-11
    21 | D:1      | 21 ||| INVOKING Spit Poison.
    26 | D:1      | 26 ||| INVOKING Spit Poison.
    29 | D:1      | Reached skill level 4 in Ranged Weapons
    29 | D:1      | Reached XP level 2. HP: 26/26 MP: 2/2
    42 | D:1      | 42 ||| INVOKING Spit Poison.
    46 | D:1      | 46 ||| INVOKING Spit Poison.
    54 | D:1      | 54 ||| INVOKING Spit Poison.
    81 | D:1      | Reached XP level 3. HP: 32/32 MP: 3/3
    86 | D:1      | 86 ||| INVOKING Spit Poison.
   300 | D:1      | 300 ||| INVOKING Spit Poison.
   308 | D:1      | 308 ||| READING scroll labelled JUIRRU ROCVEL.
   309 | D:1      | 309 ||| READING scroll labelled YSASTR ADDEATAU.
   310 | D:1      | 310 ||| DRINKING 2 bubbling purple potions.
   311 | D:1      | 311 ||| DROPPING scroll of butterflies.
   312 | D:1      | 312 ||| DROPPING potion of magic.
   338 | D:2      | 338 ||| INVOKING Spit Poison.
   344 | D:2      | 344 ||| INVOKING Spit Poison.
   391 | D:2      | 391 ||| INVOKING Spit Poison.
   394 | D:2      | 394 ||| INVOKING Spit Poison.
   506 | D:2      | 506 ||| INVOKING Spit Poison.
   510 | D:2      | 510 ||| INVOKING Spit Poison.
   551 | D:2      | 551 ||| INVOKING Spit Poison.
   580 | D:2      | Found a runed translucent door.
   581 | D:2      | Noticed Crazy Yiuf
   600 | D:2      | 600 ||| INVOKING Spit Poison.
   682 | D:2      | 682 ||| Stepping ~*~*~tactically~*~*~ (outnumbered).
   683 | D:2      | 683 ||| Stepping ~*~*~tactically~*~*~ (outnumbered).
   685 | D:2      | 685 ||| INVOKING Spit Poison.
   689 | D:2      | 689 ||| INVOKING Spit Poison.
   692 | D:2      | Reached skill level 5 in Ranged Weapons
   692 | D:2      | Reached XP level 4. HP: 21/39 MP: 4/4
   692 | D:2      | HP: 8/39 [gnoll/+0 flail (13)]
   694 | D:2      | 694 ||| INVOKING Spit Poison.
   694 | D:2      | HP: 2/39 [gnoll/+0 club (6)]
   695 | D:2      | Slain by a gnoll

Levels and vault maps discovered:
D:1:      dpeg_arrival_pond, layout_rooms
D:2:      layout_basic, basic_altar, minmay_stone_trees_small,
          uniq_crazy_yiuf_cottage

Skill      XL: |  1  2  3 |
---------------+----------+-----
Ranged Weapons | 4 5 |  5.0
Fighting       | |  2.0
Dodging        | |  1.5
Stealth        | |  1.5

Action                     |  1- 3 |  4- 6 || total
---------------------------+-------+-------++-------
   Fire: Shortbow          |    53 |     3 ||    56
Ability: Spit Poison       |    17 |     1 ||    18
    Use: Scroll            |     2 |       ||     2
         Potion            |     1 |       ||     1
 Armour: Leather armour    |     6 |       ||     6
  Dodge: Dodged            |    12 |     1 ||    13

Table legend:
 A = Non-vault XP
 B = Vault XP
 C = Vault XP percentage of total XP
 D = Non-vault monster count
 E = Vault monster count
 F = Vault count percentage of total count
                 A         B        C        D         E       F
            +---------+---------+-------+---------+---------+-------
      Total |     100 |       0 |   0.0 |      36 |       0 |   0.0
            +---------+---------+-------+---------+---------+-------
        D:1 |      48 |       0 |   0.0 |      22 |       0 |   0.0
        D:2 |      52 |       0 |   0.0 |      14 |       0 |   0.0
            +---------+---------+-------+---------+---------+-------
